Minoru, lawful male human Samurai ------- |.....| |.....- |.....| --- |<..... ... --.---- #..- ## ### # # ###### ### -|--------- # |.........|### |.........@C |.........| ----------- Minoru the Ninja Experience level: 6 Strength: 14 Dexterity: 17 Constitution: 17 Intelligence: 13 Wisdom: 9 Charisma: 6 Health: 0(55) Energy: 24(24) Def: 9 Gold: 224 Moves: 2836 Dungeon seed: crS57dWqVu4RGf5u Game ID: Minoru_1442629543 Your Inventory: Coins $ - 224 gold pieces Weapons a - an uncursed +0 katana (weapon in hand) b - an uncursed +0 wakizashi c - an uncursed +0 yumi (alternate weapon; not wielded) d - 11 blessed +0 ya (in quiver) u - a blessed +1 orcish dagger x - 10 uncursed +0 elven arrows L - 11 uncursed +0 arrows V - 6 uncursed poisoned +0 orcish arrows Z - an uncursed +0 naginata Armor e - an uncursed rustproof +0 splint mail (being worn) p - an uncursed +0 dwarvish cloak (being worn) s - an uncursed +0 pair of iron shoes (being worn) W - an uncursed +0 orcish helm (being worn) Scrolls i - an uncursed scroll of confuse monster j - an uncursed scroll of destroy armor k - 2 uncursed scrolls of identify E - an uncursed scroll of enchant armor G - an uncursed scroll of fire I - an uncursed scroll of create monster O - an uncursed scroll of gold detection P - an uncursed scroll of teleportation Spellbooks z - an uncursed spellbook of fireball Potions m - an uncursed potion of confusion w - a blessed potion of object detection Rings H - a cursed ring of cold resistance Wands o - an uncursed wand of create monster (0:14) Tools f - an uncursed blindfold v - an uncursed towel K - 7 uncursed wax candles (0:400) M - 17 uncursed tallow candles (0:200) T - an uncursed skeleton key Gems g - an uncursed worthless piece of violet glass n - an uncursed worthless piece of orange glass q - 2 uncursed worthless pieces of white glass r - an uncursed jade stone y - an uncursed worthless piece of yellowish brown glass N - 2 uncursed jasper stones Y - an uncursed jet stone Spells and supernatural/magical abilities: Name Level Category Fail Memory f - fireball 4 attack 100% 97% n - detect monsters 1 divination 100% 97% W - pray for help -- divine ? -- Your skills at the end: Fighting Skills martial arts [Basic] Weapon Skills short sword [Basic] long sword [Basic] bow [Basic] Spellcasting Skills Final Attributes: You were piously aligned. You were fast. You are dead. Vanquished creatures: a blue jelly a wood nymph 2 Uruk-hai a pony a yellow light 4 gnome lords 2 gnomish wizards a guardian naga hatchling a gray ooze 2 straw golems a little dog a dwarf a homunculus a kobold shaman 4 hill orcs a giant bat an orc zombie a coyote a gas spore a large kobold a hobgoblin a giant rat 2 cave spiders 2 brown molds a red mold 15 gnomes a gecko 2 jackals a fox 3 goblins 2 sewer rats 9 grid bugs 2 bats 3 lichens 5 newts 79 creatures vanquished. Voluntary challenges: You were vegetarian. You used a wielded weapon 78 times, starting on turn 100. You read items or engraved 19 times, starting on turn 2171. You never genocided any monsters. You never polymorphed an object. You never changed form. You used no wishes. You never split a pudding. You wrote Elbereth's name 2 times, starting on turn 2352. You never violated your personal moral code. Dungeon overview: The Dungeons of Doom: levels 1 to 4 Level 1 some altars to Amaterasu Omikami and Susanowo a long staircase Level 2 a scroll shop, an altar to Amaterasu Omikami Level 3 a sink stairs to The Gnomish Mines Level 4 The Gnomish Mines: levels 4 to 6 Level 4 stairs to The Dungeons of Doom Level 5 Level 6 <- You were here History has recorded: On T:1 you entered the Dungeons of Doom to retrieve the Amulet of Yendor! On T:107 you reached level 2 of The Dungeons of Doom. On T:784 you advanced to experience level 2. On T:828 you reached level 3 of The Dungeons of Doom. On T:1168 you advanced to experience level 3. On T:1313 you reached level 1 of The Gnomish Mines. On T:1352 you reached level 4 of The Dungeons of Doom. On T:1439 you advanced to experience level 4. On T:1500 you advanced to experience level 5. On T:1927 you reached level 2 of The Gnomish Mines. On T:1969 you reached level 3 of The Gnomish Mines. On T:2018 you advanced to experience level 6. Score breakdown: Gold: 224 ( 8001 points) Experience: 6 levels (12456 points) Exploration: 6 levels ( 12.50%) ( 9784 points) Discoveries: 9 items ( 3.66%) ( 5738 points) Valuables value: (no points given unless you survive) Artifact value: 0 ( 0 points) Variety of kills: 35 monsters ( 9.19%) ( 9092 points) Turncount: 2836 turns ( -516 points) Survival: died (score multiplied by 80%) Total score: 35644 Latest messages: Your movements are slowed slightly because of your load. A key lands on the altar. A violet gem lands on the altar. Your movements are now unencumbered. You write in the dust with your fingers. The plains centaur hits! The plains centaur kicks! The plains centaur hits! The plains centaur kicks! You die... Final status: Sayonara Minoru the Samurai, killed by a plains centaur, while engraving... You died in The Gnomish Mines on dungeon level 6 with 35644 points, and 224 pieces of gold, after 2836 moves. You were level 6 with a maximum of 55 hit points when you died.